 Dungeon Sprint DCSS version 0.17-a0-1718-g72dbe4d (webtiles) character file.

1068 Kidiri the Covert (level 8, -14/36 HPs)
             Began as a Spriggan Enchanter on Aug 25, 2015.
             Demolished by a kraken (34 damage)
             ... in the Dungeon (Sprint II: "The Violet Keep of Menkaure").
             The game lasted 00:06:51 (756 turns).

Kidiri the Covert (Spriggan Enchanter)               Turns: 756, Time: 00:06:51

Health: -14/36     AC:  3    Str:  6    XL:     8   Next: 7%
Magic:  20/32      EV: 28    Int: 21    God:
Gold:   475        SH:  0    Dex: 18    Spells: 5 memorised, 15 levels left

rFire  . . .     SeeInvis +     a - +1 dagger
rCold  . . .     Clarity  .     b - +1 robe
rNeg   . . .     SustAt   .     (shield restricted)
rPois  .         Gourm    .     (helmet restricted)
rElec  .         Spirit   .     (no cloak)
rCorr  .         Warding  .     (gloves unavailable)
rMut   .         NoTele   +     (boots unavailable)
MR     +....                    (no amulet)
Stlth  +++.......               (no ring)
                                l - ring "Riwk" {MP+9 Str+2 Int+4 Slay+3}

@: very quick, somewhat resistant to hostile enchantments, fairly stealthy
A: unfitting armour, see invisible, herbivore 3, speed 3, slow metabolism 2
a: no special abilities


You were in the Dungeon.
You were not hungry.

You visited 1 branch You collected 972 gold pieces.
You spent 497 gold pieces at shops.

Inventory:

Hand weapons
 a - a +1 dagger (weapon)
Armour
 b - a +1 robe (worn)
Jewellery
 l - the ring "Riwk" (left hand) {MP+9 Str+2 Int+4 Slay+3}
   (You bought it in a shop in the Dungeon)

   [ring of strength]

   It affects your strength (+2).
   It affects your intelligence (+4).
   It affects your accuracy and damage with ranged weapons and melee attacks
   (+3).
   It affects your magic capacity (+9).
Scrolls
 j - a scroll of blinking
 k - a scroll of immolation {unknown}
Potions
 e - a potion of curing
 g - a potion of haste
 h - a potion of magic
 i - a potion of berserk rage
Books
 c - a book of Maledictions

   Spells                             Type                      Level
   a - Corona                         Hexes                        1
   b - Ensorcelled Hibernation        Hexes/Ice                    2
   c - Confuse                        Hexes                        3
   d - Tukima's Dance                 Hexes                        3
   e - Dazzling Spray                 Conjuration/Hexes            3
Comestibles
 d - a bread ration


   Skills:
 + Level 6.3 Short Blades
 * Level 11.7 Dodging
 * Level 13.0 Stealth
 * Level 10.1 Spellcasting
 + Level 3.5 Conjurations
 + Level 7.8 Hexes
 + Level 3.9 Ice Magic


You had 15 spell levels left.
You knew the following spells:

 Your Spells              Type           Power        Failure   Level  Hunger
a - Corona                Hex            #####..      1%          1    None
b - Ensorcelled Hibernat  Hex/Ice        #####.       1%          2    None
c - Confuse               Hex            #####...     1%          3    None
d - Tukima's Dance        Hex            #####...     1%          3    None
e - Dazzling Spray        Conj/Hex       ####....     1%          3    None


Dungeon Overview and Level Annotations

Branches:
Dungeon (1/1)

Altars:

Shops:
D !::=!}[?=[(=[%:%

Annotations:
D exclusion: oklob plant


Innate Abilities, Weirdness & Mutations

You are tiny and cannot use many weapons and most armour.
You have supernaturally acute eyesight.
You are a herbivore.
You cover ground extremely quickly.
You need consume almost no food.


Message History

Unknown command.
Unknown command.
Casting: Dazzling Spray
Confirm with . or Enter, or press ? or * to list all spells.
Aiming: Dazzling Spray
Press: ? - help, Shift-Dir - straight line, f/p - kraken
Aim: a kraken (steam, heavily wounded, confused)
The spray of energy hits the kraken.
The kraken is heavily wounded.
The kraken is dazzled.
The kraken is engulfed in a cloud of scalding steam.
Really walk into a travel-excluded area? [Y]es or [N]o only, please.
Really walk into a travel-excluded area?
You enter the shallow water.
Moving in this stuff is going to be slow.
You are engulfed in a cloud of scalding steam.
The kraken is no longer blind.
The kraken bites you!!
Ouch! That really hurt!
You die...

∩.∩.#≈##.###'###.##..#
.∩.∩#≈#...##.##.#.#..#
..∩.+≈+.#.'.<.'###'..###
...∩#≈#.).##.##.#.#....###..
▓▓###≈##.###'###.##≈..§..≈≈≈
#####≈≈#####.#####≈≈.§.§.≈#+
?x ##≈≈≈#..#..#≈≈≈≈§≈≈..≈#.
x$# #+#≈##.#.##≈≈≈≈≈§§≈.≈#.
?##≈ #%#≈≈##+##X@≈≈≈≈≈≈§≈≈#.
##.≈ ####≈≈≈≈≈≈≈≈≈≈≈≈§§≈≈≈#.
#+++#+++#≈≈≈≈§≈≈≈≈#. §§zz§
##≈≈§###≈≈#. §≈§§zz≈§.##≈§#
≈≈# +§§≈≈z≈≈z§§.+≈≈#
##§§§≈≈≈.§§##§§≈ ##§z§≈§§§##
### ####+####


You could see a kraken (confused).

Vanquished Creatures
  A siren (D)
  2 hippogriffs (D)
  A crocodile (D)
  4 brain worms (D)
  A scorpion (D)
  4 worker ants (D)
  A tentacle (D)
14 creatures vanquished.

Vanquished Creatures (others)
  A crocodile (D)
  7 tentacles (D)
  22 tentacle segments (D)
30 creatures vanquished.

Grand Total: 44 creatures vanquished

Notes
Turn   | Place    | Note
--------------------------------------------------------------
     0 | D        | Kidiri the Spriggan Enchanter began the quest for the Orb.
     0 | D        | Reached XP level 1. HP: 9/9 MP: 5/5
     1 | D        | Noticed a brain worm
     7 | D        | Killed a brain worm
     7 | D        | Reached skill level 6 in Dodging
     7 | D        | Reached skill level 7 in Stealth
     7 | D        | Reached skill level 5 in Spellcasting
     7 | D        | Reached XP level 2. HP: 13/13 MP: 6/9
     7 | D        | Reached XP level 3. HP: 16/16 MP: 6/10
     7 | D        | Reached XP level 4. HP: 21/21 MP: 7/12
     8 | D        | Noticed a brain worm
    14 | D        | Killed a crocodile
    19 | D        | Learned a level 2 spell: Ensorcelled Hibernation
    23 | D        | Learned a level 3 spell: Confuse
    27 | D        | Learned a level 3 spell: Tukima's Dance
    31 | D        | Learned a level 3 spell: Dazzling Spray
    48 | D        | Killed a brain worm
    48 | D        | Reached skill level 8 in Stealth
    48 | D        | Reached skill level 1 in Conjurations
    48 | D        | Reached skill level 5 in Hexes
    48 | D        | Reached skill level 1 in Ice Magic
   122 | D        | Noticed a brain worm
   122 | D        | Noticed a brain worm
   125 | D        | Killed a brain worm
   125 | D        | Reached skill level 9 in Stealth
   125 | D        | Reached XP level 5. HP: 24/24 MP: 11/15
   127 | D        | Killed a brain worm
   127 | D        | Reached skill level 10 in Stealth
   160 | D        | Noticed a siren
   164 | D        | Noticed a hippogriff
   164 | D        | Noticed a hippogriff
   167 | D        | Noticed a worker ant
   167 | D        | Noticed a worker ant
   169 | D        | Noticed a worker ant
   169 | D        | Noticed a worker ant
   177 | D        | Killed a worker ant
   177 | D        | Reached XP level 6. HP: 16/28 MP: 9/17
   180 | D        | Killed a worker ant
   184 | D        | Killed a worker ant
   190 | D        | Killed a worker ant
   413 | D        | Killed a hippogriff
   413 | D        | Reached skill level 5 in Short Blades
   413 | D        | Reached skill level 10 in Dodging
   413 | D        | Reached skill level 11 in Stealth
   421 | D        | Killed a hippogriff
   421 | D        | Reached XP level 7. HP: 32/32 MP: 16/20
   434 | D        | Killed a siren
   434 | D        | Reached skill level 12 in Stealth
   476 | D        | Noticed an obsidian statue
   478 | D        | Noticed a crocodile
   479 | D        | Found Xiregybb's Book Boutique.
   486 | D        | Killed a crocodile
   486 | D        | Reached skill level 10 in Spellcasting
   486 | D        | Reached XP level 8. HP: 36/36 MP: 16/23
   561 | D        | Noticed a flying skull
   562 | D        | Noticed a flying skull
   562 | D        | Noticed a flying skull
   562 | D        | Noticed a flying skull
   563 | D        | Noticed a flying skull
   563 | D        | Noticed a flying skull
   563 | D        | Noticed a flying skull
   563 | D        | Noticed a flying skull
   563 | D        | Noticed a flying skull
   565 | D        | Noticed a flying skull
   565 | D        | Found Zeawev's Food Shop.
   566 | D        | Found Regaiz's Food Boutique.
   567 | D        | Found Giqoruf's Jewellery Shop.
   567 | D        | Found Jaon's Antique Armour Shop.
   568 | D        | Found Ryfotol's Antique Armour Boutique.
   568 | D        | Found Upeam's Antique Weapon Boutique.
   569 | D        | Noticed a scorpion
   577 | D        | Killed a scorpion
   577 | D        | Reached skill level 13 in Stealth
   582 | D        | Found Petu's Magic Scroll Shop.
   584 | D        | Found Ryfory's Antique Armour Shop.
   584 | D        | Found Bed Ruc's Jewellery Shop.
   584 | D        | Found Homizog's Gadget Boutique.
   588 | D        | Found Soschic's Distillery.
   588 | D        | Found Suklocud's Jewellery Boutique.
   588 | D        | Noticed a black bear
   588 | D        | Noticed a black bear
   588 | D        | Noticed a black bear
   588 | D        | Noticed an oklob plant
   589 | D        | Found Punok's Book Shop.
   589 | D        | Found Ycihyf's Distillery.
   589 | D        | Found Ufok's Book Shoppe.
   592 | D        | Noticed a great orb of eyes
   606 | D        | Noticed an unseen horror
   610 | D        | Noticed an unseen horror
   617 | D        | Bought the ring "Riwk" {MP+9 Str+2 Int+4 Slay+3} for 497 gold pieces
   686 | D        | Noticed a flying skull
   686 | D        | Noticed a flying skull
   687 | D        | Noticed a kraken
   756 | D        | Demolished by a kraken

Vault maps used:
D:        the_violet_keep_of_menkaure

Action                   |  1- 3 |  4- 6 |  7- 9 || total
-------------------------+-------+-------+-------++-------
Melee: Dagger            |     4 |    17 |     9 ||    30
 Cast: Ensorcelled Hiber |       |    12 |    10 ||    22
       Dazzling Spray    |       |     1 |     2 ||     3
       Confuse           |       |       |     3 ||     3
  Use: Potion            |       |     1 |     1 ||     2
 Stab: Sleeping          |     1 |     9 |     3 ||    13
       Invisible         |       |     1 |       ||     1
